 Dungeon Crawl Stone Soup version 0.29-a0-555-g3b24f45cc1 (webtiles) character file.

Game seed: 9624313638475823373

4 zeratav the Sneak (level 1, -6/19 HPs)
             Began as a Minotaur Delver on June 8, 2022.
             Mangled by an orc
             ... wielding a +0 mace
              (7 damage)
             ... on level 5 of the Dungeon.
             The game lasted 00:00:22 (76 turns).

zeratav the Sneak (Minotaur Delver)                   Turns: 76, Time: 00:00:23

Health: -6/19      AC:  3    Str: 16    XL:     1   Next: 50%
Magic:  0/0        EV: 11    Int:  7    God:
Gold:   0          SH:  0    Dex: 11    Spells: 0/0 levels left

rFire   . . .      SeeInvis .   a - +0 hand axe {axe}
rCold   . . .      Faith    .   (no shield)
rNeg    . . .      Spirit   .   b - +0 leather armour
rPois   .          Reflect  .   (helmet restricted)
rElec   .          Harm     .   (no cloak)
rCorr   .          Rampage  .   (no gloves)
Will    .....                   (no boots)
Stlth   ++........              (no amulet)
HPRegen 0.06/turn               (no ring)
MPRegen 0.07/turn               (no ring)

@: hasted, very quick
A: horns 2, retaliatory headbutt
a: no special abilities


You were on level 5 of the Dungeon.
You visited 1 branch of the dungeon, and saw 1 of its levels.


Innate Abilities, Weirdness & Mutations

You have a pair of horns on your head.
You reflexively headbutt those who attack you in melee.


   Skills:
 - Level 3.6 Fighting
 + Level 2.9 Axes
 - Level 2.1 Dodging
 - Level 4.1 Stealth


You couldn't memorise any spells.
You didn't know any spells.
Your spell library was empty.

Inventory:

Hand Weapons
 a - a +0 hand axe (weapon) {axe}
Armour
 b - a +0 leather armour (worn)
Wands
 g - a wand of digging (3)
Scrolls
 c - a scroll of fog
 d - a scroll of magic mapping {!r}
 e - a scroll of fear
Potions
 h - 2 potions of mutation {unknown}

Dungeon Overview and Level Annotations

Branches:
Dungeon (5/15)
 Temple: D:4-7

Altars:

.... #....# #...#
....########....#
##..#
................#
#..#
....(......#....#
#####.#
...............##
#......
..o.oo..o..#####
#..)...
o....#+#y###
#...... ### #o#
#...... #@#
#####.. #.# #..
..# #.. .###
.######.. #.
.)....... #
.#####... #.#.
#.#. #.##


You could see a hornet and 2 orcs.


Message History

🤖 Initializing magus.rc ...
Bad channel name for runrest: 'pray:' ✅ Successfully initialized magus.rc [v1.9.6] Welcome, zeratav the Minotaur Delver.
The heart of this dungeon contains the incredible artefact, the Orb of Zot.
Press ? for a list of commands and other information.
Found 2 smoky dark potions.
Found a stone staircase leading down.
h - 2 smoky dark potions
Found a stone staircase leading down.
An orc comes into view.
It is wielding a +0 mace. 2 orcs come into view.
The orc shouts! x2; You hear a shout!
An orc comes into view. It is wielding a +0 whip.
The orc shouts!
You hit the orc but do no damage. Your headbutt misses the orc.
The orc hits you with a +0 flail.
HP[-4]
You take 4 damage, and now have 15/19 hp.
MASSIVE DAMAGE!! (PAUSE)
You hit the orc but do no damage. The orc barely misses you.
The orc shouts!
You hit the orc. You headbutt the orc.
You kill the orc!
You hear an angry buzzing noise.
HP[+1]
You barely miss the orc. You headbutt the orc, but do no damage.
Your punch misses the orc. The orc barely misses you. You furiously retaliate!
You headbutt the orc!
A hornet comes into view.
You barely miss the orc. The orc closely misses you.
You hit the orc but do no damage. Your headbutt misses the orc.
The orc closely misses you. The orc hits you with a +0 whip.
HP[-1]
You take 1 damage, and now have 15/19 hp.
You hit the orc.
You kill the orc!
You barely miss the orc. The orc barely misses you.
You hit the orc. The orc hits you with a +0 mace.
* * * LOW HITPOINT WARNING * * *
HP[-6]
You take 6 damage, and now have 9/19 hp.
MASSIVE DAMAGE!! (PAUSE)
You closely miss the orc. The orc hits you with a +0 mace.
* * * LOW HITPOINT WARNING * * *
HP[-4]
You take 4 damage, and now have 5/19 hp.
MASSIVE DAMAGE!! (PAUSE)
You hit the orc but do no damage. The orc hits you with a +0 mace.
* * * LOW HITPOINT WARNING * * *
HP[-1]
You take 1 damage, and now have 4/19 hp.
You feel yourself speed up. The orc hits you with a +0 mace.
* * * LOW HITPOINT WARNING * * *
HP[-3]
You take 3 damage, and now have 1/19 hp.
You hit the orc but do no damage. The orc hits you with a +0 mace!
You die...

Action                   || total
-------------------------++-------
Melee: Hand axe          ||    12
       Headbutt          ||     2
  Use: Potion            ||     1
Dodge: Dodged            ||     5

Levels and vault maps discovered:
D:5:      layout_basic

Notes
Turn   | Place    | Note
-------+----------+-------------------------------------------
     0 | D:5      | zeratav the Minotaur Delver began the quest for the Orb.
     0 | D:5      | Reached XP level 1. HP: 19/19 MP: 0/0
     0 | D:5      | magus.rc [v1.9.6]
    67 | D:5      | Noticed a hornet
    74 | D:5      | HP: 4/19 [orc/+0 mace (1)]
    75 | D:5      | HP: 1/19 [orc/+0 mace (3)]
    76 | D:5      | Mangled by an orc

Vanquished Creatures
  2 orcs (D:5)
2 creatures vanquished.

Table legend:
 A = Non-vault XP
 B = Vault XP
 C = Vault XP percentage of total XP
 D = Non-vault monster count
 E = Vault monster count
 F = Vault count percentage of total count
                 A         B        C        D         E       F
            +---------+---------+-------+---------+---------+-------
      Total |       6 |       0 |   0.0 |       2 |       0 |   0.0
            +---------+---------+-------+---------+---------+-------
        D:5 |       6 |       0 |   0.0 |       2 |       0 |   0.0
            +---------+---------+-------+---------+---------+-------

Illustrated notes

Table legend:
 A = Kills in this place as a percentage of kills in entire the game.
 B = Kills by you in this place as a percentage of kills by you in the entire game.
 C = Kills by friends in this place as a percentage of kills by friends in the entire game.
 D = Other kills in this place as a percentage of other kills in the entire game.
 E = Experience gained in this place as a percentage of experience gained in the entire game.
 F = Experience gained in this place divided by the number of levels of this place that you have seen.
                   A       B       C       D       E      F
               +-------+-------+-------+-------+-------+----------------------
         Total | 100.0 | 100.0 |   N/A |   N/A | 100.0 |   6.0
       Dungeon | 100.0 | 100.0 |   N/A |   N/A | 100.0 |   6.0
               +-------+-------+-------+-------+-------+----------------------

Table legend: (Time is in decaauts)
 A = Elapsed time spent in this place.
 B = Non-inter-level travel time spent in this place.
 C = Inter-level travel time spent in this place.
 D = Time resting spent in this place.
 E = Time spent auto-exploring this place.
 F = Levels seen in this place.
 G = Mean time per level.
                   A        B        C        D        E       F      G
               +--------+--------+--------+--------+--------+-----+--------+
         Total |     77 |     77 |      0 |      0 |     49 |   1 |   77.0 |
       Dungeon |     77 |     77 |      0 |      0 |     49 |   1 |   77.0 |
               +--------+--------+--------+--------+--------+-----+--------+

Top non-repeatable levels by time:
     D:5: 77 daAuts
